AoeStats
← Banaan9613

Black Forest

510966980Analyzed
4v4 RM · 5h ago on Oct 3, 2026· 24m 31s· 8 players
Game mode
Random Map
Map size
Large (8 player)
Population
200
Speed
Normal
Resources
Standard
Victory
Conquest
Starting age
Dark Age
Ending age
Imperial Age
RankedLock teamsTeams togetherTeam positionsShared explorationLock speedFull tech treeHidden civsTurbo modeCheats
Victory
Defeat
🇩🇪 Celts · Germany
943
+8
🇮🇩 Japanese · Indonesia
922
+9
🇻🇳 Bohemians · Vietnam
921
+9
🇦🇷 Poles · Argentina
874
+11
🇨🇳 Vietnamese · China
810
-11
🇺🇦 Spanish · Ukraine
792
-10
🇷🇺 Turks · Russia
725
-8
🇫🇷 Vikings · France
719
-8
NomadRider5217
0:31 Loom
499557901
0:36 Loom
RL1
0:37 Loom
11:34 Feudal Age
12:55 Wheelbarrow
12:20 Horse Collar
12:55 Double-Bit Axe
23:27 Castle Age
22:13 Forging
21:55 Fletching
22:10 Scale Barding Armor
24:27 Hand Cart
24:29 Bow Saw
24:25 Heavy Plow
Banaan9613
10:34 Feudal Age
11:13 Gold Mining
11:09 Double-Bit Axe
17:59 Castle Age
18:44 Stone Mining
22:11 Imperial Age
you go die
1:58 Loom
Jeanne d'Arc
6:49 Loom
12:37 Feudal Age
15:37 Double-Bit Axe
18:02 Castle Age
16:41 Gold Mining
16:41 Stone Mining
19:10 Wheelbarrow
20:47 Bow Saw
20:51 Horse Collar
22:43 Heavy Plow
DekaJe
0:32 Loom
14:56 Feudal Age
19:38 Castle Age
19:15 Horse Collar
22:31 Double-Bit Axe
22:41 Fletching
24:33 Scale Mail Armor
Tào Tháo
0:26 Loom
17:19 Feudal Age
18:12 Horse Collar
18:19 Double-Bit Axe
20:45 Wheelbarrow
25:30 Castle Age
Connection lost

Rejoining the realm…

Still unreachable

The connection could not be restored.

Session expired

The server has moved on; the page needs a fresh start.